[Event "CZE-ch 2020"]
[Site "Pilsen"]
[Date "2020.08.28"]
[Round "6.5"]
[White "Nguyen, Thai Dai Van"]
[Black "Cerveny, Petr"]
[Result "1-0"]
[ECO "D11"]
[WhiteElo "2569"]
[BlackElo "2340"]
[Annotator "ChessBase"]
[PlyCount "113"]
[EventDate "2020.08.23"]
[EventType "swiss"]
[EventCountry "CZE"]
[SourceTitle "playchess.com"]
[Source "ChessBase"]
[SourceQuality "1"]
[TimeControl "40/5400+30:1800+30"]

1. Nf3 d5 2. d4 Nf6 3. c4 c6 4. e3 a6 5. Bd3 Bg4 6. Nbd2 Nbd7 7. h3 Bh5 8. O-O e6 9. b3 Bd6 10. Bb2 Qb8 11. Qc2 Bg6 12. Bxg6 hxg6 13. e4 Nxe4 14. Nxe4 dxe4 15. Qxe4 Nf6 16. Qe2 O-O 17. Rad1 a5 18. a4 Qc7 19. h4 Rfd8 20. g3 b6 21. Bc1 Re8 22. Bg5 Nh7 23. Kg2 c5 24. Qd3 Qb7 25. Rfe1 cxd4 26. Qxd4 Bc5 27. Qg4 Nf8 28. Kg1 f6 29. Be3 Rad8 30. Nd4 e5 31. Nb5 Rxd1 32. Qxd1 Qe7 33. Bxc5 Qxc5 34. Qd3 Re7 35. Nc3 Re6 36. Rd1 f5 37. Nd5 e4 38. Qd2 Kf7 39. Qg5 Nh7 40. Qd8 Qd6 41. Nf4 Qxd8 42. Rxd8 Rc6 43. Rd7+ Kg8 44. Rb7 g5 45. Nd5 Kf8 46. Rxb6 Rxb6 47. Nxb6 Ke7 48. c5 gxh4 49. gxh4 Nf8 50. Nc4 Ng6 51. Nxa5 Nxh4 52. Nc6+ Kd7 53. Nd4 f4 54. a5 g5 55. a6 Kc8 56. c6 Kb8 57. Nb5 1-0

[Event "CZE-ch 2020"]
[Site "Pilsen"]
[Date "2020.08.28"]
[Round "6.8"]
[White "Gloser, David"]
[Black "Simacek, Pavel"]
[Result "0-1"]
[ECO "A61"]
[WhiteElo "2248"]
[BlackElo "2474"]
[Annotator "ChessBase"]
[PlyCount "62"]
[EventDate "2020.08.23"]
[EventType "swiss"]
[EventCountry "CZE"]
[SourceTitle "playchess.com"]
[Source "ChessBase"]
[SourceQuality "1"]
[TimeControl "40/5400+30:1800+30"]

1. d4 Nf6 2. c4 c5 3. d5 e6 4. Nc3 exd5 5. cxd5 d6 6. Nf3 g6 7. Bf4 a6 8. a4 Bg7 9. h3 O-O 10. e3 Re8 11. Nd2 Nbd7 12. Be2 Ne5 13. O-O Nfd7 14. Bh2 f5 15. Qc2 Nf6 16. Rae1 Rb8 17. f4 Nf7 18. Bd3 Bd7 19. e4 fxe4 20. Ndxe4 Nxe4 21. Rxe4 Rxe4 22. Bxe4 Bd4+ 23. Kh1 Qf6 24. Rb1 Re8 25. Bd3 Nh6 26. Ne4 Qh4 27. Nxd6 Re1+ 28. Bf1 Nf5 29. Nc4 b5 30. Nd2 Qf2 31. Qd3 Rxb1 0-1

[Event "CZE-ch 2020"]
[Site "Pilsen"]
[Date "2020.08.28"]
[Round "6.12"]
[White "Novotny, Michal"]
[Black "Kozusek, Daniel"]
[Result "0-1"]
[ECO "D00"]
[WhiteElo "2246"]
[BlackElo "2307"]
[Annotator "ChessBase"]
[PlyCount "52"]
[EventDate "2020.08.23"]
[EventType "swiss"]
[EventCountry "CZE"]
[SourceTitle "playchess.com"]
[Source "ChessBase"]
[SourceQuality "1"]
[TimeControl "40/5400+30:1800+30"]

1. d4 d5 2. Nc3 Nf6 3. Bf4 Bf5 4. f3 e6 5. g4 Bg6 6. h4 h5 7. g5 Ng8 8. e3 Bd6 9. Nge2 Ne7 10. Qd2 a6 11. e4 O-O 12. O-O-O b5 13. Qe3 c6 14. Bh3 a5 15. Be5 Bxe5 16. dxe5 b4 17. Na4 Nd7 18. Nf4 Nxe5 19. exd5 Nc4 20. Qc5 cxd5 21. Rhe1 Rc8 22. Nxe6 Rxc5 23. Nxd8 Rc7 24. Rxe7 Rxe7 25. Nc6 Re2 26. Nd4 Rh2 0-1

[Event "CZE-ch 2020"]
[Site "Pilsen"]
[Date "2020.08.28"]
[Round "6.13"]
[White "Kusa, Jakub"]
[Black "Rabatin, Jakub"]
[Result "0-1"]
[ECO "B56"]
[WhiteElo "2239"]
[BlackElo "2291"]
[Annotator "ChessBase"]
[PlyCount "102"]
[EventDate "2020.08.23"]
[EventType "swiss"]
[EventCountry "CZE"]
[SourceTitle "playchess.com"]
[Source "ChessBase"]
[SourceQuality "1"]
[TimeControl "40/5400+30:1800+30"]

1. e4 c5 2. Nf3 Nc6 3. d4 cxd4 4. Nxd4 Nf6 5. Nc3 d6 6. f3 e5 7. Nb3 Be7 8. Be3 O-O 9. Be2 Be6 10. O-O a5 11. Qd2 a4 12. Nc1 a3 13. b3 Ra5 14. Na4 b5 15. Bb6 Qb8 16. Bxa5 bxa4 17. b4 d5 18. exd5 Nxd5 19. Nd3 Qa7+ 20. Kh1 Ne3 21. Rfe1 Nc4 22. Qd1 N6xa5 23. bxa5 Qxa5 24. c3 Qxc3 25. Qxa4 Nb2 26. Qe4 Rd8 27. Rac1 Nxd3 28. Rxc3 Nf2+ 29. Kg1 Nxe4 30. fxe4 Bb4 31. Rec1 Bxc3 32. Rxc3 Ra8 33. Rc2 g6 34. Kf2 Rb8 35. Bd3 Kg7 36. Ke3 Rb1 37. Rc3 Rb2 38. Rxa3 Rxg2 39. Be2 Rxh2 40. Ra7 Rh3+ 41. Kf2 h5 42. a4 Ra3 43. a5 h4 44. a6 g5 45. Rc7 g4 46. a7 g3+ 47. Ke1 h3 48. Rc3 Rxc3 49. a8=Q h2 50. Kd2 h1=Q 51. Kxc3 Qc1+ 0-1

[Event "CZE-ch 2020"]
[Site "Pilsen"]
[Date "2020.08.28"]
[Round "6.14"]
[White "Mladek, Richard"]
[Black "Paseka, Matyas"]
[Result "1-0"]
[ECO "B32"]
[WhiteElo "2280"]
[BlackElo "1959"]
[Annotator "ChessBase"]
[PlyCount "81"]
[EventDate "2020.08.23"]
[EventType "swiss"]
[EventCountry "CZE"]
[SourceTitle "playchess.com"]
[Source "ChessBase"]
[SourceQuality "1"]
[TimeControl "40/5400+30:1800+30"]

1. e4 c5 2. Nf3 Nc6 3. d4 cxd4 4. Nxd4 e5 5. Nb5 d6 6. N1c3 a6 7. Na3 Be7 8. Nc4 b5 9. Ne3 Nf6 10. Bd3 O-O 11. O-O Nb4 12. Be2 Be6 13. a3 Nc6 14. Bd3 b4 15. Ncd5 bxa3 16. Rxa3 a5 17. c3 Bxd5 18. exd5 Nb8 19. Bb5 Qb6 20. Rb3 Qc5 21. Nf5 Bd8 22. c4 Kh8 23. Be3 Qc7 24. f4 Nbd7 25. fxe5 Nxe5 26. Bd4 Rb8 27. Kh1 g6 28. Nxd6 Qxd6 29. Re3 Nxc4 30. Bxc4 Rb4 31. b3 Kg8 32. Bc3 Rb7 33. Qf3 Nd7 34. Re8 Nc5 35. Be5 Qd7 36. Rxf8+ Kxf8 37. Qe3 Bb6 38. Qh6+ Ke8 39. Qxh7 Qe7 40. Bf6 Qf8 41. Bb5+ 1-0

[Event "CZE-ch 2020"]
[Site "Pilsen"]
[Date "2020.08.28"]
[Round "6.15"]
[White "Brejnik, Gustav"]
[Black "Nemec, Jachym"]
[Result "1-0"]
[ECO "D11"]
[WhiteElo "2265"]
[BlackElo "2150"]
[Annotator "ChessBase"]
[PlyCount "63"]
[EventDate "2020.08.23"]
[EventType "swiss"]
[EventCountry "CZE"]
[SourceTitle "playchess.com"]
[Source "ChessBase"]
[SourceQuality "1"]
[TimeControl "40/5400+30:1800+30"]

1. d4 d5 2. c4 c6 3. Nf3 Nf6 4. Qb3 e6 5. Bg5 Be7 6. e3 O-O 7. Nc3 Nbd7 8. Rc1 Re8 9. Bd3 dxc4 10. Bxc4 Nd5 11. Bxe7 Qxe7 12. e4 b5 13. Bxd5 exd5 14. O-O b4 15. exd5 bxc3 16. Rce1 Qf8 17. Rxe8 Qxe8 18. Re1 Qf8 19. dxc6 Nb6 20. Qxc3 Be6 21. Ne5 Rc8 22. Qa5 Rc7 23. b4 Bd5 24. b5 f6 25. Nd7 Rxd7 26. cxd7 Nxd7 27. Qxa7 Qb4 28. Re8+ Nf8 29. h3 Qb1+ 30. Kh2 Bf7 31. Rd8 Qxb5 32. Qe7 1-0

[Event "CZE-ch 2020"]
[Site "Pilsen"]
[Date "2020.08.28"]
[Round "6.16"]
[White "Gnojek, Petr"]
[Black "Klement, Lukas"]
[Result "1-0"]
[ECO "D19"]
[WhiteElo "2225"]
[BlackElo "2260"]
[Annotator "NA"]
[PlyCount "93"]
[EventDate "2020.08.23"]
[EventType "swiss"]
[EventCountry "CZE"]
[SourceTitle "playchess.com"]
[Source "ChessBase"]
[SourceQuality "1"]
[TimeControl "40/5400+30:1800+30"]

1. d4 d5 2. c4 c6 3. Nc3 dxc4 4. Nf3 Nf6 5. a4 Bf5 6. e3 e6 7. Bxc4 Bb4 8. O-O O-O 9. Qe2 Bg6 10. Ne5 Nbd7 11. Nxg6 hxg6 12. Rd1 Qe7 13. Qc2 e5 14. Qxg6 Nb6 15. Bb3 Nbd5 16. Nxd5 cxd5 17. Qg5 exd4 $16 18. Rxd4 Bd6 19. Bd2 Rfe8 20. Bc3 Be5 21. Rd3 Bxc3 22. Rxc3 d4 23. Rd3 Rad8 24. h3 dxe3 25. Rxe3 Qf8 26. Rf3 Rd6 27. Rc1 Re7 28. Re3 Qd8 29. Rc8 Qxc8 30. Rxe7 Rd7 31. Bxf7+ Kf8 32. Rxd7 Qxd7 33. Bb3 b6 34. Qe5 Qd2 35. g4 Qc1+ 36. Kh2 Qd2 37. Kg2 Qd7 38. Qe6 Qb7+ 39. f3 Qc7 40. g5 Ne8 41. Qg8+ Ke7 42. Qf7+ Kd8 43. Qxc7+ Kxc7 44. Kg3 Nd6 45. h4 Nf5+ 46. Kg4 g6 47. h5 1-0

[Event "CZE-ch 2020"]
[Site "Pilsen"]
[Date "2020.08.28"]
[Round "6.17"]
[White "Serrano Salvador, Eduardo"]
[Black "Jun, Rudolf"]
[Result "1/2-1/2"]
[ECO "A48"]
[WhiteElo "2299"]
[BlackElo "2094"]
[Annotator "NA"]
[PlyCount "88"]
[EventDate "2020.08.23"]
[EventType "swiss"]
[EventCountry "CZE"]
[SourceTitle "playchess.com"]
[Source "ChessBase"]
[SourceQuality "1"]
[TimeControl "40/5400+30:1800+30"]

1. d4 Nf6 2. Nf3 g6 3. c4 Bg7 4. Nc3 O-O 5. Bf4 d6 6. h3 Nbd7 7. e3 a6 {[%emt 0:01:54] 7...b6 is the modern continuation.} 8. Be2 c6 9. O-O {[%emt 0:00:29] E61: King's Indian: Early deviations for White, including Smyslov System.} Re8 10. Rc1 b6 11. b4 {[%emt 0:04:02] [#]} Bb7 $146 ({Predecessor:} 11... a5 12. a3 Bb7 13. Qb3 axb4 14. axb4 h6 15. Rfd1 Ra7 16. c5 Bf8 17. e4 Qa8 {1-0 (41) Liascovich,L (2328)-Bibiloni,J (2210) Buenos Aires 2002}) 12. Qb3 e5 13. Bh2 exd4 14. exd4 d5 15. Rfe1 Rc8 16. a4 Ne4 17. cxd5 Nxc3 18. Qxc3 cxd5 19. Bc7 Qf6 20. Qd2 h5 21. Bd3 Rxe1+ 22. Qxe1 Bh6 23. Rc2 Bg7 24. Qe2 Nf8 25. Bxa6 Bxa6 26. Qxa6 Qf5 27. a5 $14 bxa5 28. b5 Qxc2 29. Qxc8 Qb1+ 30. Kh2 Qxb5 31. Bd6 Qd7 32. Qb8 f6 33. Bc5 Kf7 34. Qa8 a4 35. Ne1 Ne6 36. Nd3 f5 37. Nb4 Qc7+ 38. Kg1 Nxc5 39. dxc5 Qxc5 40. Qxa4 Qc1+ 41. Kh2 Qf4+ 42. Kg1 Qc1+ 43. Kh2 Qf4+ 44. Kg1 Qc1+ 1/2-1/2

[Event "CZE-ch 2020"]
[Site "Pilsen"]
[Date "2020.08.28"]
[Round "6.18"]
[White "Stalmach, Richard"]
[Black "Brozka, Karel"]
[Result "1-0"]
[ECO "A58"]
[WhiteElo "2273"]
[BlackElo "1991"]
[Annotator "ChessBase"]
[PlyCount "81"]
[EventDate "2020.08.23"]
[EventType "swiss"]
[EventCountry "CZE"]
[SourceTitle "playchess.com"]
[Source "ChessBase"]
[SourceQuality "1"]
[TimeControl "40/5400+30:1800+30"]

1. d4 Nf6 2. c4 c5 3. d5 b5 4. cxb5 a6 5. bxa6 Bxa6 6. Nc3 d6 7. Nf3 g6 8. e4 Bxf1 9. Kxf1 Nbd7 10. g3 Bg7 11. Kg2 O-O 12. Qe2 Qb6 13. a4 Rfb8 14. Nb5 Ne8 15. Bg5 Kf8 16. Ra3 Nc7 17. Nxc7 Qxc7 18. b3 Bc3 19. Bh6+ Bg7 20. Qe3 Rb4 21. h4 Nf6 22. Nd2 Rd4 23. h5 Qb7 24. hxg6 fxg6 25. Rh4 Qb4 26. Ra2 Bxh6 27. Qxh6+ Ke8 28. Qe3 Rb8 29. a5 Kd7 30. Nc4 Kc7 31. e5 Nxd5 32. exd6+ exd6 33. Rxh7+ Kc6 34. Qe6 Nf6 35. Qxf6 Qxb3 36. Rb2 Qxc4 37. Rxb8 Qd5+ 38. Qf3 Qxf3+ 39. Kxf3 Ra4 40. Rb6+ Kd5 41. Rd7 1-0

[Event "CZE-ch 2020"]
[Site "Pilsen"]
[Date "2020.08.28"]
[Round "6.19"]
[White "Eret, Jonas"]
[Black "Riha, Vojtech"]
[Result "0-1"]
[ECO "A01"]
[WhiteElo "2219"]
[BlackElo "2270"]
[Annotator "NA"]
[PlyCount "96"]
[EventDate "2020.08.23"]
[EventType "swiss"]
[EventCountry "CZE"]
[SourceTitle "playchess.com"]
[Source "ChessBase"]
[SourceQuality "1"]
[TimeControl "40/5400+30:1800+30"]

1. b3 e5 2. Bb2 Nc6 3. e3 Nf6 4. Bb5 Bd6 5. Na3 Na5 6. Nc4 {[%emt 0:00:52] A01: Nimzowitsch-Larsen Opening.} Nxc4 7. Bxc4 Qe7 8. Ne2 c6 9. Ng3 Bc7 {[%emt 0:02:23] [#]} 10. O-O $146 ({Predecessor:} 10. Nf5 Qf8 11. d4 d6 12. Ng3 Qe7 13. dxe5 Ba5+ 14. c3 Qxe5 15. Qd4 Qxd4 16. exd4 {1-0 (47) Bagheri,M (2308)-Mozaffari,A (2134) Hamedan 2018}) 10... d5 11. Be2 h5 12. f3 h4 13. Nh1 e4 14. f4 Bf5 15. c4 O-O-O 16. Bd4 c5 17. Bxf6 Qxf6 18. cxd5 g5 19. fxg5 Qe5 {[%emt 0:00:46] [#]} 20. Rf4 $2 {[%emt 0:00:40] [#]} (20. Rxf5 $1 $16 Qxh2+ (20... Qxf5 21. Bg4) 21. Kf2) 20... Rxd5 (20... Kb8 $1 $17 21. Qf1 Bg6) 21. Rc1 Kb8 22. Bc4 $15 Rd7 23. Nf2 Bg6 24. Bb5 Rd6 25. Rc2 Qxg5 26. Nxe4 Bxe4 27. Rxe4 Rg6 28. Qf3 Rhg8 29. Bf1 Rf6 30. Qh3 Qd5 31. Rec4 Rf3 32. Rg4 Rxf1+ 33. Kxf1 Qf5+ 34. Qf3 Qxg4 35. Qxg4 Rxg4 36. Rxc5 Bxh2 37. Rf5 Rg7 38. Kf2 Kc7 39. d4 Kd7 40. Rb5 b6 41. a4 Rg6 42. Rd5+ Ke6 43. Rd8 Rf6+ 44. Ke2 Bg3 45. e4 Rf2+ 46. Ke3 Rxg2 47. d5+ Ke7 48. Rh8 Rb2 0-1

[Event "CZE-ch 2020"]
[Site "Pilsen"]
[Date "2020.08.28"]
[Round "6.21"]
[White "Simet, Martin"]
[Black "Nemec, Pavel"]
[Result "0-1"]
[ECO "B84"]
[WhiteElo "2194"]
[BlackElo "2243"]
[Annotator "ChessBase"]
[PlyCount "64"]
[EventDate "2020.08.23"]
[EventType "swiss"]
[EventCountry "CZE"]
[SourceTitle "playchess.com"]
[Source "ChessBase"]
[SourceQuality "1"]
[TimeControl "40/5400+30:1800+30"]

1. e4 c5 2. Nf3 e6 3. d4 cxd4 4. Nxd4 a6 5. Nc3 d6 6. Be2 Nf6 7. Be3 Nbd7 8. f4 Qc7 9. a4 b6 10. Bf3 Bb7 11. Qe2 Be7 12. O-O O-O 13. Rae1 Rac8 14. Kh1 Qb8 15. Bd2 Rfd8 16. e5 Ne8 17. f5 Bxf3 18. Rxf3 Nxe5 19. fxe6 fxe6 20. Rh3 Nf6 21. Nxe6 Rd7 22. Ne4 Rxc2 23. Rf1 Qc8 24. Nxf6+ Bxf6 25. Qh5 g6 26. Qd1 Rf7 27. Nf4 Rc4 28. Nd5 Qe6 29. Nxb6 Rd4 30. Qe1 Bd8 31. Rxf7 Qxf7 32. Ba5 Nd3 0-1

[Event "CZE-ch 2020"]
[Site "Pilsen"]
[Date "2020.08.28"]
[Round "6.22"]
[White "Nytra, Ondrej"]
[Black "Kawulok, Marek"]
[Result "1-0"]
[ECO "B32"]
[WhiteElo "1925"]
[BlackElo "2226"]
[Annotator "ChessBase"]
[PlyCount "103"]
[EventDate "2020.08.23"]
[EventType "swiss"]
[EventCountry "CZE"]
[SourceTitle "playchess.com"]
[Source "ChessBase"]
[SourceQuality "1"]
[TimeControl "40/5400+30:1800+30"]

1. e4 c5 2. Nf3 Nc6 3. d4 cxd4 4. Nxd4 g6 5. Be2 Bg7 6. Nb3 Nf6 7. Nc3 O-O 8. O-O d6 9. Bg5 Be6 10. Kh1 Rc8 11. f4 Na5 12. f5 Bc4 13. Bd3 Nxb3 14. axb3 Bxd3 15. Qxd3 a6 16. Rae1 Nd7 17. Nd5 Re8 18. fxg6 hxg6 19. Qh3 Rxc2 20. Rxf7 Kxf7 21. Nf4 Nf8 22. Rf1 Bf6 23. Qh6 Rc5 24. h4 Qc8 25. Nd3 Rb5 26. e5 dxe5 27. Qh8 Nd7 28. Qh7+ Ke6 29. Qxg6 Kd6 30. Rc1 Rg8 31. Qe4 Qe8 32. Nb4 Ke6 33. Qc4+ Kf5 34. Qd3+ e4 35. Rf1+ Kg6 36. Qxe4+ Kg7 37. Nd5 Qg6 38. Rf5 Bxg5 39. Rxg5 Qxg5 40. hxg5 e5 41. Ne7 Rh8+ 42. Kg1 Rb6 43. Nf5+ Kf8 44. Qd5 Ke8 45. g6 Rxg6 46. Qxb7 Rhg8 47. Qc8+ Kf7 48. Qxd7+ Kf6 49. Ne3 R8g7 50. Qd6+ Kf7 51. Qxe5 Kf8 52. Qd5 1-0

[Event "CZE-ch 2020"]
[Site "Pilsen"]
[Date "2020.08.28"]
[Round "6.24"]
[White "Stinka, Jakub"]
[Black "Bartos, Jan"]
[Result "1/2-1/2"]
[ECO "A90"]
[WhiteElo "2299"]
[BlackElo "2131"]
[Annotator "NA"]
[PlyCount "66"]
[EventDate "2020.08.23"]
[EventType "swiss"]
[EventCountry "CZE"]
[SourceTitle "playchess.com"]
[Source "ChessBase"]
[SourceQuality "1"]
[TimeControl "40/5400+30:1800+30"]

1. d4 e6 2. c4 f5 3. g3 Nf6 4. Bg2 d5 5. Nf3 Be7 6. O-O Ne4 7. b3 Nc6 8. Bb2 Bf6 9. e3 h5 10. Ne5 Bxe5 11. dxe5 h4 12. f3 Ng5 13. cxd5 exd5 14. Qe1 Be6 15. gxh4 Rxh4 16. Kh1 $11 Nf7 17. f4 Rh7 18. Nc3 Ne7 19. Rd1 c6 20. Ba3 Ng6 21. e4 Nh4 22. exd5 Nxg2 23. dxe6 Nxe1 24. exf7+ Kxf7 25. Rxd8 Rxd8 26. Rxe1 Rd3 27. e6+ Ke8 28. Bb2 Rhh3 29. Ne2 Rhe3 30. Bc1 Rxe2 31. Rxe2 Rd1+ 32. Kg2 Rxc1 33. Kf3 Rc3+ 1/2-1/2

[Event "CZE-ch 2020"]
[Site "Pilsen"]
[Date "2020.08.28"]
[Round "6.26"]
[White "Vojta, Jakub"]
[Black "Vorisek, Jakub"]
[Result "0-1"]
[ECO "C17"]
[WhiteElo "2093"]
[BlackElo "2205"]
[Annotator "ChessBase"]
[PlyCount "164"]
[EventDate "2020.08.23"]
[EventType "swiss"]
[EventCountry "CZE"]
[SourceTitle "playchess.com"]
[Source "ChessBase"]
[SourceQuality "1"]
[TimeControl "40/5400+30:1800+30"]

1. e4 e6 2. d4 d5 3. Nc3 Bb4 4. e5 c5 5. a3 Ba5 6. b4 cxd4 7. Qg4 Kf8 8. Nb5 Bc7 9. Qxd4 Nc6 10. Qc5+ Nge7 11. Nxc7 Qxc7 12. Nf3 a6 13. Bf4 Bd7 14. Bd3 Rc8 15. O-O Nb8 16. Qd6 Qxd6 17. exd6 Ng6 18. Bg3 Ba4 19. h4 Ke8 20. h5 Nf8 21. Rfe1 f6 22. c4 dxc4 23. Rac1 b5 24. Nd4 Kf7 25. Be4 Re8 26. Re3 Nfd7 27. Rce1 Nb6 28. h6 g6 29. f4 Rd8 30. Bb1 Rxd6 31. Nxe6 Nc6 32. f5 Rd1 33. Kf2 Rxe1 34. Kxe1 Nd5 35. Rf3 g5 36. Be4 Nce7 37. Nxg5+ fxg5 38. f6 g4 39. Rf2 Nxf6 40. Be5 Neg8 41. Bd5+ Kg6 42. Bxg8 Rxg8 43. Rxf6+ Kg5 44. Kd2 Rd8+ 45. Rd6 Rxd6+ 46. Bxd6 Kxh6 47. g3 Kg5 48. Be7+ Kf5 49. Bd8 Ke4 50. Bf6 Kf3 51. Bh4 h6 52. Kc3 Ke2 53. Bf6 Kd1 54. Bg7 h5 55. Bf6 Kc1 56. Bg5+ Kb1 57. Bh4 Ka2 58. Bf6 Kxa3 59. Be7 Ka2 60. Bh4 Kb1 61. Bg5 Bb3 62. Bd8 Ka2 63. Bf6 Ka3 64. Be7 Ka4 65. Bd8 Bd1 66. Bc7 Bf3 67. Bd8 Ka3 68. Be7 Be4 69. Bf6 Bd3 70. Be7 Ka4 71. Bd8 a5 72. Bxa5 h4 73. gxh4 g3 74. Bb6 g2 75. Bc5 Ka3 76. h5 Ka2 77. h6 Kb1 78. Be3 Bh7 79. Kd2 Kb2 80. Bd4+ Kb3 81. Bc5 c3+ 82. Kc1 c2 0-1

[Event "CZE-ch 2020"]
[Site "Pilsen"]
[Date "2020.08.28"]
[Round "6.32"]
[White "Simek, Petr"]
[Black "Malinovsky, Petr"]
[Result "1-0"]
[ECO "D31"]
[WhiteElo "2324"]
[BlackElo "2081"]
[Annotator "ChessBase"]
[PlyCount "71"]
[EventDate "2020.08.23"]
[EventType "swiss"]
[EventCountry "CZE"]
[SourceTitle "playchess.com"]
[Source "ChessBase"]
[SourceQuality "1"]
[TimeControl "40/5400+30:1800+30"]

1. c4 e6 2. Nc3 d5 3. d4 a6 4. cxd5 exd5 5. Qb3 c6 6. e4 dxe4 7. Bc4 Qe7 8. a4 Nf6 9. Bg5 Be6 10. Bxe6 fxe6 11. Nge2 h6 12. Bxf6 gxf6 13. O-O f5 14. Nf4 Kf7 15. Nxe6 Qxe6 16. Qxb7+ Nd7 17. Qxa8 Bg7 18. Qxa6 Bxd4 19. Rad1 c5 20. Qxe6+ Kxe6 21. Ne2 Be5 22. b3 Rb8 23. Rb1 Nf6 24. Rfc1 Bd6 25. Nc3 Ng4 26. h3 Ne5 27. Rd1 Rg8 28. Nb5 Bb8 29. a5 f4 30. Kh1 Nd3 31. Rd2 Nb4 32. Re1 Ke5 33. Nc3 e3 34. fxe3 f3 35. gxf3 Rg3 36. f4+ 1-0

[Event "CZE-ch 2020"]
[Site "Pilsen"]
[Date "2020.08.28"]
[Round "6.34"]
[White "Jezek, Jan"]
[Black "Kures, Michael"]
[Result "0-1"]
[ECO "B22"]
[WhiteElo "2162"]
[BlackElo "2019"]
[Annotator "NA"]
[PlyCount "76"]
[EventDate "2020.08.23"]
[EventType "swiss"]
[EventCountry "CZE"]
[SourceTitle "playchess.com"]
[Source "ChessBase"]
[SourceQuality "1"]
[TimeControl "40/5400+30:1800+30"]

1. e4 c5 2. c3 d5 3. d3 Nc6 4. Nd2 Nf6 5. Ngf3 e5 6. Be2 Be7 7. O-O O-O {[%emt 0:00:04] B29: Sicilian: 2 Nf3 Nf6 (Nimzowitsch Variation).} 8. Re1 d4 9. Nc4 Nd7 10. a4 {[%emt 0:00:46] [#]} f6 $146 ({Predecessor:} 10... b6 11. Bd2 Ba6 12. Qb3 Rb8 13. h3 Re8 14. Qa2 h6 15. Rac1 Bf8 16. g3 Rb7 {½-½ (51) Sakr,N (2150)-Bouaziz,S (2338) Beirut 2014}) 11. a5 Kh8 12. Bd2 b5 13. axb6 $1 Nxb6 14. Nxb6 Qxb6 15. Qc1 Rb8 16. Ra2 Be6 17. c4 Rb7 18. Qa1 Qc7 19. Bd1 Rfb8 20. h3 $15 Bd6 21. b3 Re8 22. Ra3 Qd7 23. Nh2 f5 24. Bf3 f4 25. Qd1 Reb8 26. Bg4 Bxg4 27. hxg4 Rb6 28. Qc2 Be7 29. Rb1 Kg8 30. Qa2 Qe8 31. Ra6 h5 32. Rxb6 Rxb6 33. gxh5 Qxh5 34. f3 Nb4 35. Bxb4 Rh6 36. g4 fxg3 37. Be1 gxh2+ 38. Kh1 Qxf3+ 0-1

[Event "CZE-ch 2020"]
[Site "Pilsen"]
[Date "2020.08.28"]
[Round "6.37"]
[White "Benes, Miroslav"]
[Black "Placer, Sebastian"]
[Result "0-1"]
[ECO "A05"]
[WhiteElo "2011"]
[BlackElo "2097"]
[Annotator "ChessBase"]
[PlyCount "140"]
[EventDate "2020.08.23"]
[EventType "swiss"]
[EventCountry "CZE"]
[SourceTitle "playchess.com"]
[Source "ChessBase"]
[SourceQuality "1"]
[TimeControl "40/5400+30:1800+30"]

1. Nf3 Nf6 2. c4 g6 3. Nc3 d5 4. cxd5 Nxd5 5. e4 Nxc3 6. dxc3 Qxd1+ 7. Kxd1 f6 8. Be3 e5 9. Nd2 Be6 10. Bc4 Kf7 11. Kc2 Nd7 12. b4 c6 13. Rhd1 Bd6 14. Bxe6+ Kxe6 15. Nc4 Bc7 16. Rd3 f5 17. exf5+ gxf5 18. Re1 Rhg8 19. g3 b5 20. Nxe5 Nxe5 21. Bd4 Rge8 22. f4 Kf6 23. Bxe5+ Bxe5 24. fxe5+ Rxe5 25. Rd6+ Ke7 26. Rxe5+ Kxd6 27. Rxf5 a5 28. bxa5 Rxa5 29. Kb3 Ra7 30. Rh5 Re7 31. a4 bxa4+ 32. Kxa4 Rb7 33. c4 c5 34. Ka5 Rb4 35. Rh6+ Ke5 36. Rxh7 Rxc4 37. Kb5 Rc1 38. Rh4 Kd5 39. Rh5+ Kd4 40. Rh4+ Kd5 41. Rh5+ Kd4 42. Rh4+ Kd3 43. Rh8 c4 44. Rd8+ Kc3 45. h4 Kb3 46. Kc6 c3 47. Rb8+ Kc4 48. Kd6 Rg1 49. Ke5 Rxg3 50. Kf4 Rh3 51. Kg4 Rd3 52. h5 Rd4+ 53. Kg3 Rd5 54. h6 Rh5 55. Rc8+ Kd3 56. Rc6 c2 57. Kg4 Rxh6 58. Rxh6 c1=Q 59. Rd6+ Ke4 60. Re6+ Kd5 61. Rf6 Qg1+ 62. Kf5 Qf2+ 63. Kg6 Qh4 64. Kg7 Ke5 65. Rf7 Ke6 66. Rf8 Qe7+ 67. Kg8 Qd7 68. Kh8 Ke7 69. Rf3 Qd4+ 70. Kg8 Qg4+ 0-1

[Event "CZE-ch 2020"]
[Site "Pilsen"]
[Date "2020.08.29"]
[Round "7.1"]
[White "Stocek, Jiri"]
[Black "Laznicka, Viktor"]
[Result "1/2-1/2"]
[ECO "A85"]
[WhiteElo "2595"]
[BlackElo "2638"]
[Annotator "ChessBase"]
[PlyCount "81"]
[EventDate "2020.08.23"]
[EventType "swiss"]
[EventCountry "CZE"]
[SourceTitle "playchess.com"]
[Source "ChessBase"]
[SourceQuality "1"]
[TimeControl "40/5400+30:1800+30"]

1. d4 f5 2. c4 Nf6 3. Nc3 d6 4. Bg5 Nbd7 5. Qc2 g6 6. O-O-O c6 7. f3 Qa5 8. e4 fxe4 9. Bd2 Qb6 10. Na4 Qc7 11. fxe4 Ng4 12. Nh3 Bg7 13. Be2 Nb6 14. c5 Nxa4 15. Qxa4 b5 16. Qa3 dxc5 17. Ba5 b4 18. Qa4 Qd6 19. dxc5 Qxc5+ 20. Kb1 O-O 21. Bxb4 Qb6 22. Qb3+ Kh8 23. Bxe7 Qxb3 24. axb3 Re8 25. Bc5 Nf6 26. Ng5 Nxe4 27. Nxe4 Bf5 28. Bd3 Bxe4 29. Bxe4 Rxe4 30. Rhe1 Re5 31. Rxe5 Bxe5 32. Rd7 a5 33. Re7 Bg7 34. h3 Kg8 35. Re6 Rc8 36. Kc2 Bf8 37. Bb6 Bb4 38. Bd4 Kf7 39. Re4 Re8 40. Rxe8 Kxe8 41. Kd3 1/2-1/2

[Event "CZE-ch 2020"]
[Site "Pilsen"]
[Date "2020.08.29"]
[Round "7.3"]
[White "Polak, Tomas"]
[Black "Nguyen, Thai Dai Van"]
[Result "1/2-1/2"]
[ECO "D85"]
[WhiteElo "2563"]
[BlackElo "2569"]
[Annotator "ChessBase"]
[PlyCount "62"]
[EventDate "2020.08.23"]
[EventType "swiss"]
[EventCountry "CZE"]
[SourceTitle "playchess.com"]
[Source "ChessBase"]
[SourceQuality "1"]
[TimeControl "40/5400+30:1800+30"]

1. d4 Nf6 2. c4 g6 3. Nc3 d5 4. cxd5 Nxd5 5. e4 Nxc3 6. bxc3 Bg7 7. Be3 c5 8. Qd2 Qa5 9. Rc1 cxd4 10. cxd4 Qxd2+ 11. Kxd2 O-O 12. Bb5 Nc6 13. Ne2 Rd8 14. Bxc6 bxc6 15. Rhd1 f5 16. Ke1 fxe4 17. Rxc6 Rb8 18. Rc7 Bg4 19. h3 Rd7 20. Rc6 Bxe2 21. Kxe2 Rb2+ 22. Rd2 Rxd2+ 23. Kxd2 Bxd4 24. Re6 Bxe3+ 25. Kxe3 Rd3+ 26. Kxe4 Rd2 27. Kf3 Rxa2 28. Rxe7 Ra3+ 29. Kg4 Ra2 30. Kg3 Ra3+ 31. Kg4 Ra2 1/2-1/2

[Event "CZE-ch 2020"]
[Site "Pilsen"]
[Date "2020.08.29"]
[Round "7.4"]
[White "Hracek, Zbynek"]
[Black "Sorm, Daniel"]
[Result "1-0"]
[ECO "B12"]
[WhiteElo "2563"]
[BlackElo "2343"]
[Annotator "ChessBase"]
[PlyCount "61"]
[EventDate "2020.08.23"]
[EventType "swiss"]
[EventCountry "CZE"]
[SourceTitle "playchess.com"]
[Source "ChessBase"]
[SourceQuality "1"]
[TimeControl "40/5400+30:1800+30"]

1. e4 c6 2. d4 d5 3. e5 Bf5 4. h4 h5 5. c4 e6 6. Nc3 dxc4 7. Bxc4 Nd7 8. Nge2 Nb6 9. Bb3 Ne7 10. Bg5 Qd7 11. O-O Ned5 12. Ng3 Bg6 13. Nce4 Be7 14. Re1 Bxg5 15. Nxg5 Ne7 16. Bc2 O-O-O 17. Bxg6 Nxg6 18. N3e4 Kb8 19. Nd6 Rdf8 20. g3 Nc8 21. Nge4 Qc7 22. Re3 Rd8 23. Rb3 b6 24. Rc1 f5 25. Nc5 Qe7 26. Na6+ Ka8 27. Rxc6 Nxd6 28. exd6 Qb7 29. Rc7 Qd5 30. Rxg7 Qg2+ 31. Kxg2 1-0